[Event "Rated Blitz game"]
[Site "?"]
[Date "2021.01.01"]
[Round "?"]
[White "onuur77"]
[Black "Vasenev_Sergey"]
[Result "1-0"]
[ECO "C46"]
[WhiteElo "2477"]
[BlackElo "2477"]
[PlyCount "81"]
[EventDate "2021.??.??"]
[EventType "blitz"]
[TimeControl "180"]

1. e4 e5 2. Nf3 Nc6 3. Nc3 Nf6 4. Nxe5 Nxe5 5. d4 Nc6 6. d5 Ne5 7. f4 Ng6 8. e5
Ng8 9. d6 cxd6 10. exd6 Qb6 11. Nb5 Kd8 12. f5 Ne5 13. Bf4 f6 14. Qd2 a6 15.
Be3 Qc6 16. Qa5+ Ke8 17. Nc7+ Kf7 18. Nxa8 Bxd6 19. O-O-O Ne7 20. Nb6 Nxf5 21.
Bf2 Bc7 22. Qd5+ Kg6 23. Nc4 Qxd5 24. Rxd5 b5 25. Nxe5+ Bxe5 26. Bd3 h5 27. h4
d6 28. Be4 Be6 29. Rd3 Kf7 30. Ra3 Bf4+ 31. Kb1 g5 32. Rxa6 g4 33. Bd3 g3 34.
Bb6 Rc8 35. Rf1 Ne3 36. Rxf4 Nxg2 37. Ra7+ Kg8 38. Rxf6 Nxh4 39. Bh7+ Kh8 40.
Rf8+ Rxf8 41. Bd4+ {Normal} 1-0

[Event "Rated Blitz game"]
[Site "?"]
[Date "2021.01.01"]
[Round "?"]
[White "Iranianfighter2"]
[Black "micfel"]
[Result "1-0"]
[ECO "C46"]
[WhiteElo "2480"]
[BlackElo "2368"]
[PlyCount "89"]
[EventDate "2021.??.??"]
[EventType "blitz"]
[TimeControl "180"]

1. e4 e5 2. Nf3 Nf6 3. Nc3 Nc6 4. Nxe5 Nxe5 5. d4 Ng6 6. e5 Ng8 7. Bc4 d5 8.
Bxd5 c6 9. Bb3 Be6 10. Bxe6 fxe6 11. O-O N8e7 12. f4 Nf5 13. Ne2 c5 14. c3 cxd4
15. cxd4 h5 16. Qd3 Qd5 17. Bd2 Be7 18. Rac1 O-O 19. Bc3 Qxa2 20. Qf3 h4 21.
Qxb7 Qd5 22. Qxd5 exd5 23. Rf3 Rfc8 24. g4 hxg3 25. hxg3 a5 26. g4 Nh6 27. f5
Nh4 28. Rg3 Bg5 29. Ra1 a4 30. Ra2 Rc4 31. b3 Rcc8 32. bxa4 Nf7 33. Kf2 Bd8 34.
Bd2 Rc4 35. a5 Ng5 36. Bxg5 Bxg5 37. a6 Rc6 38. a7 Rc7 39. Rga3 Be7 40. Ra5 Rd7
41. Nf4 Bd8 42. Ra6 Kf8 43. Ne6+ Kg8 44. Nxd8 Rdxd8 45. Kg3 {Normal} 1-0

[Event "Rated Blitz game"]
[Site "?"]
[Date "2021.01.01"]
[Round "?"]
[White "sibichess2003"]
[Black "zim36"]
[Result "0-1"]
[ECO "C46"]
[WhiteElo "2369"]
[BlackElo "2436"]
[PlyCount "34"]
[EventDate "2021.??.??"]
[EventType "blitz"]
[TimeControl "180"]

1. e4 Nf6 2. Nc3 e5 3. Nf3 Nc6 4. Nxe5 Nxe5 5. d4 Bd6 6. dxe5 Bxe5 7. Bd3 O-O
8. O-O Re8 9. Kh1 c6 10. Bg5 h6 11. Bxf6 Qxf6 12. Qd2 Bf4 13. Qd1 Bc7 14. f4
Qd4 15. f5 Qe5 16. f6 g6 17. Qd2 Qxh2# {Normal} 0-1